 Dungeon Crawl Stone Soup version 0.29-a0-40-g8eb35efe60 (webtiles) character file.

Game seed: 15542870732441903298

6699 Charly the Prestidigitator (level 10, -4/85 HPs)
             Began as a Demonspawn Wanderer on Feb 1, 2022.
             Was an Initiate of Gozag.
             Shot with a bolt by an orc warlord (7 damage)
             ... in a bailey.
             The game lasted 00:52:18 (8031 turns).

Charly the Prestidigitator (Demonspawn Wanderer)    Turns: 8031, Time: 00:52:19

Health: -4/85      AC: 15    Str: 20    XL:     10   Next: 74%
Magic:  10/10      EV: 12    Int: 10    God:    Gozag
Gold:   334        SH:  5    Dex: 13    Spells: 9/9 levels left

rFire   . . .      SeeInvis .   a - +0 hand crossbow
rCold   . . .      Faith    .   C - +0 buckler
rNeg    + . .      Spirit   .   x - +4 ring mail
rPois   +          Reflect  .   (helmet restricted)
rElec   .          Harm     .   (no cloak)
rCorr   .          Rampage  .   F - +1 pair of gloves
Will    .....                   (no boots)
Stlth   +.........              E - amulet of regeneration
HPRegen 1.04/turn               p - ring of poison resistance
MPRegen 0.12/turn               n - ring of positive energy

@: on berserk cooldown, slowed, very slow
A: antennae 1, sharp scales 3
a: Renounce Religion, Potion Petition, Call Merchant, Bribe Branch


You were in a bailey.
You worshipped Gozag.
Gozag was aware of your devotion.
You visited 1 branch of the dungeon, and saw 7 of its levels.
You also visited: Bailey.

You collected 1009 gold pieces.
You paid 675 gold pieces to Gozag.

Inventory:

Hand Weapons
 a - a +0 hand crossbow (weapon)
 b - a +0 whip of electrocution
 u - a +3 war axe
Missiles
 c - 34 bolts (quivered ammo)
 d - 13 boomerangs
 t - 3 poisoned darts (quivered)
Armour
 j - the +4 leather armour of Indemnity {Rampage rElec Will- Str+5}
   (You found it on level 2 of the Dungeon)

   Str:       It affects your strength (+5).
   rElec:     It insulates you from electricity.
   Rampage:   It bestows one free step when moving towards enemies.
   Will:      It decreases your willpower.
 m - a +2 helmet
 x - a +4 ring mail (worn)
 C - a +0 buckler (worn)
 F - a +1 pair of gloves (worn)
Jewellery
 n - a ring of positive energy (right hand)
 p - a ring of poison resistance (left hand)
 E - an amulet of regeneration (around neck)
Scrolls
 f - a scroll of fear {unknown}
 g - 2 scrolls of teleportation
 h - a scroll of enchant weapon {unknown}
 s - a scroll of torment {unknown}
 v - a scroll of immolation {unknown}
 A - a scroll of silence {unknown}
 B - a scroll of holy word
Potions
 i - 3 potions of attraction
 k - 3 potions of mutation
 o - 4 potions of curing
 q - a potion of magic {unknown}
 r - a potion of might {unknown}
Miscellaneous
 e - a lightning rod (inert)
 l - a tin of tremorstones (1/2)


   Skills:
 + Level 9.9 Fighting
 + Level 2.0 Crossbows
 - Level 1.7 Throwing
 - Level 3.8 Armour
 - Level 4.5 Dodging
 - Level 2.0 Stealth
 - Level 3.4 Shields
 - Level 12.2 Evocations


You had 9 spell levels left.
You didn't know any spells.
Your spell library contained the following spells:

 Spells                   Type           Power      Damage    Failure   Level
 Animate Skeleton         Necr           0%         N/A       63%         1
 Foxfire                  Conj/Fire      0%         2x1d4     63%         1
 Pain                     Necr           0%         1d4       63%         1
 Ensorcelled Hibernation  Hex/Ice        0%         N/A       77%         2
 Sublimation of Blood     Necr           0%         N/A       77%         2
 Wereblood                Tmut           0%         N/A       77%         2
 Conjure Flame            Conj/Fire      0%         6-21      94%         3
 Inner Flame              Hex/Fire       0%         N/A       94%         3
 Spider Form              Tmut/Pois      0%         N/A       94%         3
 Vampiric Draining        Necr           0%         2d6       94%         3
 Anguish                  Hex/Necr       0%         N/A       100%        4
 Flame Wave               Conj/Fire      0%         2d4       100%        4
 Passage of Golubria      Tloc           0%         N/A       100%        4
 Silence                  Hex/Air        0%         N/A       100%        5
 Summon Hydra             Summ           0%         N/A       100%        7
 Lehudib's Crystal Spear  Conj/Erth      0%         10d2      100%        8


Dungeon Overview and Level Annotations

Branches:
Dungeon (7/15)             Temple (0/1) D:6          Bailey (1/1)

Altars:
Gozag
Hepliaklqana
Nemelex Xobeh
Okawaru
Ru
Trog
Uskayaw
Wu Jian


Innate Abilities, Weirdness & Mutations

You have a pair of small antennae on your head.
You are completely covered in razor-sharp scales. (AC +3, Slay +3)


Message History

Things that are here:
a bolt; a +0 war axe; a +0 chain mail
There is an open door here.
You see here 2 bolts.
You see here 4 poisoned darts.
You see here a bolt.
You see here a fuming clear potion.
q - a fuming clear potion The orc warlord shoots a bolt.
The bolt hits you!!!
You see here a scroll labelled QEOPACHILO.
The orc warlord shoots a bolt.
The bolt hits you!
Okay, then.
Okay, then.
Do you really want to go berserk while wielding your +0 hand crossbow?
A red film seems to cover your vision as you go berserk!
You feel yourself moving faster!
You feel mighty!
The orc warlord shoots a bolt.
The bolt hits you!!
* * * LOW HITPOINT WARNING * * *
You feel a strong urge to attack something.
The orc warlord shoots a bolt.
The bolt closely misses you.
You feel your anger nearly subside.
You are no longer berserk.
You are exhausted.
You feel yourself slow down.
The orc warlord shoots a bolt.
The bolt hits you!
* * * LOW HITPOINT WARNING * * *
The orc warlord shoots a bolt.
You block the bolt.
There is an open door, spattered with blood here.
You close the door.
As you read the scroll of teleportation, it crumbles to dust.
You feel strangely unstable.
You start resting.
Your surroundings seem slightly different.
An orc warlord opens the door.
As you read the scroll of teleportation, it crumbles to dust.
You feel strangely unstable.
The orc warlord shoots a bolt.
The bolt hits you!!
* * * LOW HITPOINT WARNING * * *
Your surroundings seem slightly different.
The orc warlord shoots a bolt.
The bolt hits you!
You die...
Your body crumbles into a pile of gold.

#........$.8##..........#...[).
##?.....$.(###.........###.....
###....$###.###.....###.###...
###.#o#.....###.###.....#'#.
###.........###......)).##
#...........#....).).)..#
#...........#..).)o.....#
#.....⌠.....#...).⌠.....#
#.......@...'...).......#
#....§......#...........#
##.........###.........##
###.....### ###.....### ###.###
###.### ### ###


You could see an orc warlord.

Vanquished Creatures
  An orc knight (Bailey)
  Grinder (D:6)
  A water moccasin (D:6)
  3 orc warriors (Bailey)
  A sky beast (D:5)
  3 ice beasts
  4 ogres
  A bullfrog (D:6)
  A kobold brigand (D:6)
  A gnoll sergeant (D:5)
  3 scorpions
  A wyvern skeleton (D:6)
  A water moccasin skeleton (D:6)
  2 hounds
  2 jellies
  2 bullfrog zombies (D:6)
  An orc priest (D:6)
  A centaur skeleton (D:4)
  6 iguanas
  A bullfrog skeleton (D:6)
  3 orc wizards
  A scorpion zombie (D:5)
  Robin (D:2)
  2 adders
  11 gnolls
  A howler monkey skeleton (D:6)
  2 shadow imps (D:6)
  A white imp (D:4)
  An ufetubus (D:4)
  6 worms
  2 dart slugs
  16 orcs
  8 ball pythons
  9 endoplasms
  4 giant cockroaches
  22 goblins
  10 hobgoblins
  4 jackals (D:1)
  9 quokkas
  8 bats
  A frilled lizard (D:1)
  8 kobolds
  10 rats
177 creatures vanquished.

Vanquished Creatures (collateral kills)
  4 orc warriors (Bailey)
  2 orcs (Bailey)
  2 goblins (Bailey)
  6 hobgoblins (Bailey)
14 creatures vanquished.

Vanquished Creatures (others)
  2 orc knights (Bailey)
  3 orc warriors (Bailey)
  A hobgoblin (Bailey)
  3 plants (D:7)
9 creatures vanquished.

Grand Total: 200 creatures vanquished

Notes
Turn   | Place    | Note
-------+----------+-------------------------------------------
     0 | D:1      | Charly the Demonspawn Wanderer began the quest for the Orb.
     0 | D:1      | Charly set off with the following items: a +0 hand
                  | crossbow, a lightning rod (4/4), 26 bolts, 9 boomerangs, a
                  | +0 dagger, a +0 leather armour
     0 | D:1      | Reached XP level 1. HP: 16/16 MP: 1/1
     0 | D:1      | Noticed a jelly
     1 | D:1      | Found a runed translucent door.
   150 | D:1      | Reached skill level 1 in Stealth
   215 | D:1      | Gained mutation: You are partially covered in razor-sharp
                  | scales. (AC +1, Slay +1) [demonic ancestry]
   215 | D:1      | Reached XP level 2. HP: 22/22 MP: 2/2
   782 | D:2      | Reached XP level 3. HP: 27/27 MP: 3/3
   998 | D:2      | Identified the +4 leather armour of Indemnity {Rampage
                  | rElec Will- Str+5}
  1437 | D:2      | Noticed Robin
  1451 | D:2      | Killed Robin
  1452 | D:2      | Reached XP level 4. HP: 34/34 MP: 4/4
  1648 | D:3      | Reached skill level 5 in Evocations
  1825 | D:3      | Noticed an ogre
  1930 | D:3      | Reached XP level 5. HP: 39/39 MP: 5/5
  2296 | D:3      | Found a faded altar of an unknown god.
  2941 | D:1      | Reached skill level 6 in Evocations
  3293 | D:3      | Found a faded altar of an unknown god.
  3402 | D:3      | Killed an ogre
  3403 | D:3      | Gained mutation: You are mostly covered in razor-sharp
                  | scales. (AC +2, Slay +2) [demonic ancestry]
  3403 | D:3      | Reached XP level 6. HP: 47/47 MP: 6/6
  3614 | D:4      | Found an opulent altar of Gozag.
  3629 | D:4      | Became a worshipper of Gozag Ym Sagoz the Greedy
  4015 | D:4      | Found a sparkling altar of Nemelex Xobeh.
  4015 | D:4      | Found an iron altar of Okawaru.
  4282 | D:4      | Found a hide-covered altar of Uskayaw.
  4282 | D:4      | Found a sacrificial altar of Ru.
  4349 | D:4      | Reached XP level 7. HP: 55/55 MP: 7/7
  4571 | D:4      | Reached skill level 7 in Evocations
  4610 | D:5      | Entered Level 5 of the Dungeon
  4657 | D:5      | Reached skill level 5 in Fighting
  4826 | D:5      | Reached skill level 8 in Evocations
  4884 | D:5      | Reached skill level 1 in Armour
  4884 | D:5      | Reached skill level 1 in Dodging
  5220 | D:5      | Gained mutation: You are completely covered in razor-sharp
                  | scales. (AC +3, Slay +3) [demonic ancestry]
  5220 | D:5      | Reached XP level 8. HP: 60/62 MP: 8/8
  5220 | D:5      | 11/10/3
  5254 | D:5      | Found a bloodstained altar of Trog.
  5738 | D:6      | Reached skill level 1 in Shields
  5741 | D:6      | Noticed Grinder
  5805 | D:6      | Noticed Eustachio
  5837 | D:6      | Noticed Eustachio
  5837 | D:6      | Eustachio changed into Eustachio the bullfrog
  5840 | D:6      | Killed Eustachio the bullfrog
  6080 | D:6      | Noticed Sigmund
  6090 | D:6      | Noticed Sigmund
  6090 | D:6      | Sigmund changed into Sigmund the goblin
  6092 | D:6      | Killed Sigmund the goblin
  6114 | D:6      | Found an ornate altar of the Wu Jian Council.
  6376 | D:6      | Found a hazy altar of Hepliaklqana.
  6427 | D:6      | Killed Grinder
  6575 | D:6      | Reached XP level 9. HP: 68/68 MP: 9/9
  6821 | D:6      | Found a staircase to the Ecumenical Temple.
  7021 | D:7      | Found a flagged portal.
  7038 | Bailey   | Entered a bailey
  7119 | Bailey   | Noticed an orc knight
  7187 | Bailey   | Killed an orc knight
  7188 | Bailey   | Reached skill level 9 in Evocations
  7287 | Bailey   | Noticed an orc knight
  7337 | Bailey   | Noticed an orc knight
  7342 | Bailey   | Identified the ring of the Pharaoh's Fist {rCorr EV+4}
  7342 | Bailey   | Noticed an orc warlord
  7441 | Bailey   | Reached skill level 10 in Evocations
  7955 | Bailey   | Reached skill level 12 in Evocations
  7955 | Bailey   | Gained mutation: You have a pair of small antennae on your
                  | head. [demonic ancestry]
  7955 | Bailey   | Reached XP level 10. HP: 85/85 MP: 10/10
  8030 | Bailey   | HP: 1/85 [orc warlord/bolt (21)]
  8031 | Bailey   | Shot with a bolt by an orc warlord

Illustrated notes

##.#############.#
#.# ### #.# #.# #.#
#.# #.# #.# #.# #.#
############.# #.#
#............###.#
# #............#
##. #@#########..#
#... #$####### #..#
.....#.#.....###..#
.<....(#..........#
......(......###.##
###....#.....# #.#
#..#.#.....# #.#
#.##(####### #.# #
#. #.#


Turn 5220 on D:5: 11/10/3

Levels and vault maps discovered:
D:1:      dpeg_arrival_caged_fury, layout_rooms
D:2:      layout_basic, uniq_robin
D:3:      layout_loops_ring, ebering_ecumenical_altar_ruins
D:4:      layout_loops_cross, gammafunk_temple_overflow_statue,
          jmf_multi_god_temple, grunt_gozag_breadcrumbs, minmay_curled_crystal
D:5:      layout_loops_ring, mainiacjoe_overflow_alcove_1, kennysheep_path_1
D:6:      minmay_chambers_of_fours, layout_cave_pools,
          mainiacjoe_overflow_surrounded_room, nzn_wu_jian_contemplation,
          temple_green, kennysheep_generic_room_3, uniq_eustachio, uniq_sigmund,
          uniq_grinder
D:7:      layout_basic, enter_bailey_3, chequers_big_river,
          minmay_shattered_shrine
Bailey:   bailey_axe_minmay_hex_keep, bailey

Skill      XL: |  1  2  3  4  5  6  7  8  9 |
---------------+----------------------------+-----
Stealth        | 1 2 |  2.0
Crossbows      | 2 |  2.0
Evocations     | 5 6 8 12 | 12.2
Fighting       | 3 4 5 9 |  9.9
Armour         | 1 3 |  3.8
Dodging        | 1 4 |  4.5
Shields        | 3 |  3.4
Throwing       | |  1.7

Action                   |  1- 3 |  4- 6 |  7- 9 | 10-12 || total
-------------------------+-------+-------+-------+-------++-------
Melee: Dagger            |    17 |    13 |       |       ||    30
       Punch             |     1 |     1 |       |       ||     2
 Fire: Hand crossbow     |    66 |    98 |   248 |       ||   412
Throw: Dart              |       |     7 |    14 |       ||    21
Invok: Potion Petition   |       |       |     2 |       ||     2
Evoke: Lightning rod     |     3 |     9 |    12 |       ||    24
       Wand              |       |     6 |    48 |       ||    54
       Tin of tremorston |       |       |     1 |       ||     1
  Use: Scroll            |     4 |     2 |    11 |     2 ||    19
       Potion            |       |       |     6 |     1 ||     7
Armor: Leather armour    |     9 |     2 |       |       ||    11
       Ring mail         |       |    16 |    76 |       ||    92
Dodge: Dodged            |    13 |    25 |   102 |     1 ||   141
Block: Buckler           |       |       |    42 |     1 ||    43

Table legend: (Time is in decaauts)
 A = Elapsed time spent in this place.
 B = Non-inter-level travel time spent in this place.
 C = Inter-level travel time spent in this place.
 D = Time resting spent in this place.
 E = Time spent auto-exploring this place.
 F = Levels seen in this place.
 G = Mean time per level.
                   A        B        C        D        E       F      G
               +--------+--------+--------+--------+--------+-----+--------+
         Total |   8119 |   7645 |    474 |    401 |   4537 |   8 | 1014.9 |
       Dungeon |   7173 |   6699 |    474 |    401 |   4448 |   7 | 1024.7 |
        Bailey |    946 |    946 |      0 |      0 |     89 |   1 |  946.0 |
               +--------+--------+--------+--------+--------+-----+--------+

Top non-repeatable levels by time:
     D:3: 1549 daAuts
     D:5: 1278 daAuts
     D:2: 1236 daAuts
     D:6: 1071 daAuts
     D:4: 1044 daAuts
  Bailey: 946 daAuts
     D:1: 834 daAuts
     D:7: 157 daAuts
